Penguins vs Devils

Created - 5 février 2021 at 20:34

Goals
1 2 3 T
Penguins 1 1 2 4
Devils 1 0 0 1
Shots
1 2 3 T
Penguins 8 9 17 34
Devils 8 8 7 23

1st period

1. Devils , Tyler Bozak 6 (Sam Reinhart 11, Zack Smith 10) at 9:12
2. Penguins , Marcus Pettersson 3 (Alex DeBrincat 13, Sean Monahan 16) at 10:23

Penalties :
Filip Hronek (PIT) for Roughing (Minor) at 3:00, Mikhail Sergachev (NJD) for Hooking (Minor) at 14:00

2nd period

3. Penguins , Nathan MacKinnon 20 (Gabriel Landeskog 18, Mark Giordano 20) at 14:03

Penalties :
Alex DeBrincat (PIT) for Tripping (Minor) at 2:31, Justin Braun (PIT) for Cross-checking (Minor) at 16:59, Zack Smith (NJD) for High sticking (Minor) at 19:03

3rd period

4. Penguins , Filip Hronek 5 (Sean Monahan 17) at 0:34 (PP)
5. Penguins , Clayton Keller 8 (Oskar Lindblom 3, Shea Weber 26) at 4:42

Penalties :
No Penalty

Goalie Stats

Connor Hellebuyck (PIT), 22 saves from 23 shots - (0,957), W, 23-21-6, 60:00 minutes
Mike Smith (NJD), 30 saves from 34 shots - (0,882), L, 8-9-1, 60:00 minutes

Players Stats for Penguins

Player Name              G  A  P  +/- PIM S  H  SB GA TA FO     MP     PP MP  PK MP  
------------------------------------------------------------------------------------
Adrian Kempe             0  0  0   0  0   0  1  0  0  0  2/4     8:48   0:00   2:49 
Alex DeBrincat           0  1  1   1  2   4  1  0  0  0  0/0    17:08   1:40   0:00 
Brent Seabrook           0  0  0   1  0   0  0  2  0  0  0/0    15:01   0:00   0:00 
Cedric Paquette          0  0  0   0  0   0  1  0  0  0  6/12    9:55   0:00   3:56 
Clayton Keller           1  0  1   1  0   3  0  0  0  0  0/1    11:29   0:00   0:00 
Filip Forsberg           0  0  0   1  0   1  1  0  0  0  0/0    18:50   1:40   1:41 
Filip Hronek             1  0  1   0  2   3  5  0  0  0  0/0    20:25   1:40   2:00 
Gabriel Landeskog        0  1  1   0  0   5  4  0  0  0  1/1    19:26   1:50   0:00 
Joe Thornton             0  0  0   1  0   0  1  0  0  0  7/12   11:58   0:00   0:29 
Josh Anderson            0  0  0   0  0   1  0  0  0  0  0/0     5:59   0:00   0:00 
Justin Braun             0  0  0   0  2   0  1  0  0  0  0/0    20:04   1:40   1:39 
Marcus Pettersson        1  0  1   1  0   1  1  0  0  0  0/0    15:20   0:00   1:19 
Mark Giordano            0  1  1   1  0   3  1  1  0  0  0/0    25:20   1:50   3:44 
Nathan MacKinnon         1  0  1   0  0   5  0  0  0  0  7/19   19:26   1:50   0:00 
Oskar Lindblom           0  1  1   1  0   2  0  0  0  0  0/0    11:29   0:00   0:00 
Patrik Laine             0  0  0   0  0   3  0  0  0  0  1/4    19:26   1:50   0:00 
Sean Monahan             0  2  2   1  0   2  0  0  0  0  10/21  20:08   1:40   2:59 
Shea Weber               0  1  1   1  0   1  3  7  0  0  0/0    23:48   1:50   3:12 

Players Stats for Devils

Player Name              G  A  P  +/- PIM S  H  SB GA TA FO     MP     PP MP  PK MP  
------------------------------------------------------------------------------------
Brian Boyle              0  0  0   0  0   0  1  0  0  0  9/12    9:15   0:10   2:50 
Bryan Little             0  0  0   0  0   2  0  0  0  0  0/0     7:05   0:10   0:40 
Cale Makar               0  0  0  -1  0   0  1  1  0  0  0/0    21:42   3:21   0:00 
Chris Kreider            0  0  0  -1  0   0  0  0  0  0  0/2    18:57   2:50   1:03 
Evgeni Malkin            0  0  0  -1  0   2  4  0  0  0  8/17   17:21   2:50   0:00 
Jordie Benn              0  0  0   0  0   0  4  0  0  0  0/0    15:41   0:00   1:38 
Justin Schultz           0  0  0  -1  0   0  0  2  0  0  0/0    22:37   2:36   1:52 
Mathieu Joseph           0  0  0   0  0   1  0  0  0  0  0/0     6:15   0:00   0:00 
Mike Hoffman             0  0  0  -1  0   1  2  0  0  0  0/1    17:56   2:57   0:28 
Mikhail Sergachev        0  0  0  -1  2   2  2  1  0  0  0/0    20:44   2:36   0:00 
Nicklas Backstrom        0  0  0  -1  0   2  0  0  0  0  17/24  18:01   2:57   0:00 
Niklas Hjalmarsson       0  0  0   0  0   0  1  1  0  0  0/0    15:55   0:00   1:52 
Ryan Suter               0  0  0  -1  0   3  1  5  0  0  0/0    23:20   3:21   1:38 
Sam Reinhart             0  1  1   0  0   2  1  0  0  0  0/4    14:43   0:00   0:00 
T.J. Oshie               0  0  0  -1  0   3  0  1  0  0  2/3    17:54   2:50   0:00 
Travis Konecny           0  0  0  -1  0   1  1  0  0  0  0/1    17:28   2:57   0:00 
Tyler Bozak              1  0  1   0  0   2  0  2  0  0  4/9    15:33   0:10   0:40 
Zack Smith               0  1  1   0  2   2  0  0  0  0  0/1    16:01   0:00   1:19 

3 Stars

1 - Shea Weber (PIT)
2 - Marcus Pettersson (PIT)
3 - Clayton Keller (PIT)

Power Play

Penguins - 1 on 2 Attempt(s) - 50,00%
Devils - 0 on 3 Attempt(s) - 0,00%

Penalty Kill

Penguins - 3 on 3 Attempt(s) - 100,00% - Score 0 goal in Penalty Kill
Devils - 1 on 2 Attempt(s) - 50,00% - Score 0 goal in Penalty Kill

Team Stat

Penguins - Hits : 20 - Faceoff Wins : 34 - Blocked Shots : 10 - Penalty Minutes : 6
Devils - Hits : 18 - Faceoff Wins : 40 - Blocked Shots : 13 - Penalty Minutes : 4

Official

Referees : Troy Paterson and Jon McIsaac
Linesman : Robb Harrell and Derek Wahl

Game Notes

No Game Note

Finance

Level 1 -- Attendance: 6000 (100,00%) -- Ticket Income 672 000 $
Level 2 -- Attendance: 4926 (98,52%) -- Ticket Income 399 006 $
Level 3 -- Attendance: 2000 (100,00%) -- Ticket Income 160 000 $
Level 4 -- Attendance: 2954 (81,49%) -- Ticket Income 44 310 $
Luxury Box -- Attendance: 923 (92,30%) -- Ticket Income 179 985 $
Game was played at the Prudential Center.
Total Attendance: 16803 (95,34%)
Total Ticket Income: 1 455 301 $
Other Income: 713 097 $
Total Income: 2 168 398 $

% Time on Ice - Penguins

Lines # - Real PCT - Wanted PCT - Time Play
Normal Forward
1 - 35% - 40% - 17:36
2 - 31% - 30% - 15:29
3 - 23% - 20% - 11:29
4 - 12% - 10% - 5:59
Normal Defense
1 - 37% - 40% - 18:46
2 - 33% - 35% - 16:46
3 - 30% - 20% - 15:01
4 - 0% - 5% - 0:00
PP Forward
1 - 52% - 60% - 1:50
2 - 48% - 40% - 1:40
PP Defense
1 - 52% - 60% - 1:50
2 - 48% - 40% - 1:40
PK Forward
1 - 72% - 60% - 4:16
2 - 28% - 40% - 1:41
PK Defense
1 - 44% - 60% - 2:38
2 - 56% - 40% - 3:19
PK3 Forward
1 - 0% - 60%
2 - 0% - 40%
PK3 Defense
1 - 0% - 60%
2 - 0% - 40%
44 Forward
1 - 0% - 60%
2 - 0% - 40%
44 Defense
1 - 0% - 60%
2 - 0% - 40%
Last Minute Offensive  - 0:00
Last Minute Defensive  - 0:00
Total
Forward - 60:00
Defense - 60:00

% Time on Ice - Devils

Lines # - Real PCT - Wanted PCT - Time Play
Normal Forward
1 - 30% - 33% - 15:04
2 - 29% - 32% - 14:31
3 - 29% - 30% - 14:43
4 - 12% - 5% - 6:15
Normal Defense
1 - 36% - 36% - 18:21
2 - 36% - 36% - 18:09
3 - 28% - 28% - 14:03
4 - 0% - 0% - 0:00
PP Forward
1 - 50% - 60% - 3:00
2 - 50% - 40% - 2:57
PP Defense
1 - 56% - 60% - 3:21
2 - 44% - 40% - 2:36
PK Forward
1 - 81% - 60% - 2:50
2 - 19% - 40% - 0:40
PK Defense
1 - 53% - 60% - 1:52
2 - 47% - 40% - 1:38
PK3 Forward
1 - 0% - 60%
2 - 0% - 40%
PK3 Defense
1 - 0% - 60%
2 - 0% - 40%
44 Forward
1 - 0% - 60%
2 - 0% - 40%
44 Defense
1 - 0% - 60%
2 - 0% - 40%
Last Minute Offensive  - 0:00
Last Minute Defensive  - 0:00
Total
Forward - 60:00
Defense - 60:00

Play-by-Play

1st period


0:01 of 1st period - Nicklas Backstrom wins face-off versus Nathan MacKinnon in neutral zone.
0:24 of 1st period - Shot by Nathan MacKinnon.
0:24 of 1st period - Shot Blocked by Cale Makar.
0:26 of 1st period - Shot by Patrik Laine.
0:26 of 1st period - Shot Blocked by Ryan Suter.
1:16 of 1st period - Sean Monahan is hit by Mikhail Sergachev and loses puck.
1:19 of 1st period - Shot by Alex DeBrincat.
1:19 of 1st period - Stopped by Mike Smith without a rebound.
1:20 of 1st period - Joe Thornton wins face-off versus Sam Reinhart in Devils zone.
1:54 of 1st period - Shot by Zack Smith.
1:54 of 1st period - Stopped by Connor Hellebuyck without a rebound.
1:55 of 1st period - Brian Boyle wins face-off versus Cedric Paquette in Penguins zone.
1:55 of 1st period - Justin Schultz is hit by Filip Hronek and loses puck.
1:58 of 1st period - Shot by Mikhail Sergachev.
1:58 of 1st period - Shot Misses the Net.
2:02 of 1st period - Shot by Bryan Little.
2:02 of 1st period - Stopped by Connor Hellebuyck without a rebound.
2:03 of 1st period - Evgeni Malkin wins face-off versus Sean Monahan in Penguins zone.
2:30 of 1st period - Filip Hronek is hit by Mike Hoffman and loses puck.
2:42 of 1st period - Mike Hoffman is hit by Justin Braun and loses puck.
2:50 of 1st period - Icing by Filip Hronek.
2:51 of 1st period - Sean Monahan wins face-off versus Sam Reinhart in Penguins zone.
3:00 of 1st period - Minor Penalty to Filip Hronek for Roughing.
3:01 of 1st period - Cedric Paquette wins face-off versus Evgeni Malkin in Penguins zone.
3:01 of 1st period - Cedric Paquette is hit by Evgeni Malkin.
3:31 of 1st period - Shot by Cale Makar.
3:31 of 1st period - Shot Blocked by Shea Weber.
3:33 of 1st period - Shot by T.J. Oshie.
3:33 of 1st period - Shot Misses the Net.
3:35 of 1st period - Shot by Ryan Suter.
3:35 of 1st period - Shot Blocked by Shea Weber.
3:37 of 1st period - Shot by Ryan Suter.
3:37 of 1st period - Stopped by Connor Hellebuyck with a rebound.
3:39 of 1st period - Shot by Ryan Suter.
3:39 of 1st period - Shot Misses the Net.
3:50 of 1st period - Icing by Nicklas Backstrom.
3:51 of 1st period - Nicklas Backstrom wins face-off versus Adrian Kempe in Devils zone.
4:12 of 1st period - Shot by Mike Hoffman.
4:12 of 1st period - Shot Misses the Net.
4:30 of 1st period - Shot by Mike Hoffman.
4:30 of 1st period - Shot Blocked by Shea Weber.
6:19 of 1st period - Shot by Joe Thornton.
6:19 of 1st period - Shot Misses the Net.
6:54 of 1st period - Off-side.
6:55 of 1st period - Nicklas Backstrom wins face-off versus Sean Monahan in neutral zone.
6:59 of 1st period - Off-side.
7:00 of 1st period - Sean Monahan wins face-off versus Chris Kreider in neutral zone.
7:45 of 1st period - Icing by Nicklas Backstrom.
7:46 of 1st period - Nicklas Backstrom wins face-off versus Nathan MacKinnon in Devils zone.
8:03 of 1st period - Shot by Nathan MacKinnon.
8:03 of 1st period - Shot Misses the Net.
8:35 of 1st period - Shot by Mike Hoffman.
8:35 of 1st period - Shot Misses the Net.
9:12 of 1st period - Shot by Tyler Bozak.
9:12 of 1st period - Goal by Tyler Bozak - Penguins : 0 - Devils : 1.
9:13 of 1st period - Brian Boyle wins face-off versus Cedric Paquette in neutral zone.
10:05 of 1st period - Brian Boyle is hit by Marcus Pettersson.
10:21 of 1st period - Shot by Alex DeBrincat.
10:21 of 1st period - Stopped by Mike Smith with a rebound.
10:23 of 1st period - Shot by Marcus Pettersson.
10:23 of 1st period - Goal by Marcus Pettersson - Penguins : 1 - Devils : 1.
10:24 of 1st period - Joe Thornton wins face-off versus Evgeni Malkin in neutral zone.
10:33 of 1st period - Shot by Clayton Keller.
10:33 of 1st period - Stopped by Mike Smith without a rebound.
10:34 of 1st period - Nicklas Backstrom wins face-off versus Sean Monahan in Devils zone.
10:54 of 1st period - Nicklas Backstrom is hit by Filip Hronek and loses puck.
11:25 of 1st period - Icing by Nicklas Backstrom.
11:26 of 1st period - Nicklas Backstrom wins face-off versus Patrik Laine in Devils zone.
12:58 of 1st period - Shot by Sam Reinhart.
12:58 of 1st period - Shot Misses the Net.
13:38 of 1st period - Shot by Mathieu Joseph.
13:38 of 1st period - Stopped by Connor Hellebuyck without a rebound.
13:39 of 1st period - Nicklas Backstrom wins face-off versus Nathan MacKinnon in Penguins zone.
13:46 of 1st period - Shot by T.J. Oshie.
13:46 of 1st period - Stopped by Connor Hellebuyck without a rebound.
13:47 of 1st period - Nathan MacKinnon wins face-off versus Travis Konecny in Penguins zone.
13:47 of 1st period - Nathan MacKinnon is hit by Travis Konecny.
14:00 of 1st period - Minor Penalty to Mikhail Sergachev for Hooking.
14:01 of 1st period - Sean Monahan wins face-off versus Brian Boyle in Devils zone.
14:02 of 1st period - Shot by Filip Hronek.
14:02 of 1st period - Stopped by Mike Smith without a rebound.
14:03 of 1st period - Brian Boyle wins face-off versus Nathan MacKinnon in Devils zone.
14:03 of 1st period - Brian Boyle is hit by Gabriel Landeskog.
14:15 of 1st period - Shot by Nathan MacKinnon.
14:15 of 1st period - Deflect By Gabriel Landeskog.
14:15 of 1st period - Shot Blocked by Ryan Suter.
14:23 of 1st period - Shot by Nathan MacKinnon.
14:23 of 1st period - Shot Misses the Net.
14:25 of 1st period - Shot by Mark Giordano.
14:25 of 1st period - Stopped by Mike Smith with a rebound.
14:27 of 1st period - Shot by Mark Giordano.
14:27 of 1st period - Stopped by Mike Smith with a rebound.
14:44 of 1st period - Patrik Laine is hit by Jordie Benn and loses puck.
15:00 of 1st period - Icing by Sean Monahan.
15:01 of 1st period - Sean Monahan wins face-off versus Tyler Bozak in Penguins zone.
16:16 of 1st period - Icing by Brent Seabrook.
16:17 of 1st period - Cedric Paquette wins face-off versus Evgeni Malkin in Penguins zone.
16:17 of 1st period - Josh Anderson is hit by Evgeni Malkin and loses puck.
16:44 of 1st period - Shot by Mike Hoffman.
16:44 of 1st period - Stopped by Connor Hellebuyck with a rebound.
16:53 of 1st period - Cedric Paquette is hit by Mike Hoffman and loses puck.
17:15 of 1st period - Shot by Nicklas Backstrom.
17:15 of 1st period - Shot Blocked by Brent Seabrook.
18:30 of 1st period - Shot by Tyler Bozak.
18:30 of 1st period - Stopped by Connor Hellebuyck without a rebound.
18:31 of 1st period - Brian Boyle wins face-off versus Clayton Keller in Penguins zone.
18:55 of 1st period - Off-side.
18:56 of 1st period - Sean Monahan wins face-off versus Evgeni Malkin in neutral zone.
19:27 of 1st period - Shot by Alex DeBrincat.
19:27 of 1st period - Stopped by Mike Smith with a rebound.
Goals for this period are 1 for Penguins vs 1 for Devils.
Shots for this period are 8 for Penguins vs 8 for Devils.

2nd period


0:01 of 2nd period - T.J. Oshie wins face-off versus Patrik Laine in neutral zone.
0:01 of 2nd period - T.J. Oshie is hit by Gabriel Landeskog.
0:12 of 2nd period - Icing by Mark Giordano.
0:13 of 2nd period - Patrik Laine wins face-off versus Sam Reinhart in Penguins zone.
0:23 of 2nd period - Gabriel Landeskog is hit by Mikhail Sergachev and loses puck.
0:30 of 2nd period - Shot by Sam Reinhart.
0:30 of 2nd period - Shot Blocked by Shea Weber.
0:37 of 2nd period - Sam Reinhart is hit by Shea Weber and loses puck.
1:24 of 2nd period - Shot by Filip Forsberg.
1:24 of 2nd period - Stopped by Mike Smith without a rebound.
1:25 of 2nd period - Evgeni Malkin wins face-off versus Joe Thornton in Devils zone.
1:54 of 2nd period - Shot by Mike Hoffman.
1:54 of 2nd period - Shot Misses the Net.
1:56 of 2nd period - Shot by Ryan Suter.
1:56 of 2nd period - Stopped by Connor Hellebuyck without a rebound.
1:57 of 2nd period - Sean Monahan wins face-off versus Nicklas Backstrom in Penguins zone.
2:11 of 2nd period - Filip Forsberg is hit by Jordie Benn and loses puck.
2:27 of 2nd period - T.J. Oshie is hit by Shea Weber and loses puck.
2:31 of 2nd period - Minor Penalty to Alex DeBrincat for Tripping.
2:32 of 2nd period - Cedric Paquette wins face-off versus Nicklas Backstrom in Penguins zone.
2:56 of 2nd period - Icing by Nicklas Backstrom.
2:57 of 2nd period - Nicklas Backstrom wins face-off versus Cedric Paquette in Devils zone.
2:57 of 2nd period - Nicklas Backstrom is hit by Cedric Paquette.
5:21 of 2nd period - Shot by Ryan Suter.
5:21 of 2nd period - Shot Blocked by Brent Seabrook.
6:43 of 2nd period - Alex DeBrincat is hit by Evgeni Malkin.
6:57 of 2nd period - Justin Schultz is hit by Joe Thornton and loses puck.
7:27 of 2nd period - Icing by Mikhail Sergachev.
7:28 of 2nd period - Cedric Paquette wins face-off versus Evgeni Malkin in Devils zone.
7:49 of 2nd period - Icing by Adrian Kempe.
7:50 of 2nd period - Nicklas Backstrom wins face-off versus Cedric Paquette in Penguins zone.
8:16 of 2nd period - T.J. Oshie is hit by Mark Giordano.
8:18 of 2nd period - Shot by Nicklas Backstrom.
8:18 of 2nd period - Stopped by Connor Hellebuyck without a rebound.
8:19 of 2nd period - Tyler Bozak wins face-off versus Sean Monahan in Penguins zone.
8:28 of 2nd period - Shot by Sam Reinhart.
8:28 of 2nd period - Shot Blocked by Mark Giordano.
8:46 of 2nd period - Icing by Sean Monahan.
8:47 of 2nd period - Nicklas Backstrom wins face-off versus Sean Monahan in Penguins zone.
9:06 of 2nd period - Shot by Sean Monahan.
9:06 of 2nd period - Stopped by Mike Smith without a rebound.
9:07 of 2nd period - Nathan MacKinnon wins face-off versus Brian Boyle in Devils zone.
9:30 of 2nd period - Shot by Mathieu Joseph.
9:30 of 2nd period - Shot Misses the Net.
9:32 of 2nd period - Shot by Bryan Little.
9:32 of 2nd period - Stopped by Connor Hellebuyck without a rebound.
9:33 of 2nd period - Nicklas Backstrom wins face-off versus Joe Thornton in Penguins zone.
10:40 of 2nd period - Shot by Zack Smith.
10:40 of 2nd period - Stopped by Connor Hellebuyck with a rebound.
10:42 of 2nd period - Shot by Zack Smith.
10:42 of 2nd period - Shot Misses the Net.
10:44 of 2nd period - Shot by Tyler Bozak.
10:44 of 2nd period - Shot Blocked by Shea Weber.
11:19 of 2nd period - Sean Monahan is hit by Evgeni Malkin and loses puck.
11:33 of 2nd period - Alex DeBrincat is hit by Niklas Hjalmarsson and loses puck.
13:23 of 2nd period - Shot by Nathan MacKinnon.
13:23 of 2nd period - Stopped by Mike Smith without a rebound.
13:24 of 2nd period - Tyler Bozak wins face-off versus Nathan MacKinnon in Devils zone.
13:24 of 2nd period - Sam Reinhart is hit by Gabriel Landeskog and loses puck.
13:47 of 2nd period - Shot by Gabriel Landeskog.
13:47 of 2nd period - Shot Blocked by Tyler Bozak.
13:49 of 2nd period - Shot by Mark Giordano.
13:49 of 2nd period - Shot Misses the Net.
14:03 of 2nd period - Shot by Nathan MacKinnon.
14:03 of 2nd period - Goal by Nathan MacKinnon - Penguins : 2 - Devils : 1.
14:04 of 2nd period - Adrian Kempe wins face-off versus Mike Hoffman in neutral zone.
14:54 of 2nd period - Shot by Mikhail Sergachev.
14:54 of 2nd period - Stopped by Connor Hellebuyck without a rebound.
14:55 of 2nd period - Nicklas Backstrom wins face-off versus Nathan MacKinnon in Penguins zone.
15:06 of 2nd period - Shot by Nicklas Backstrom.
15:06 of 2nd period - Shot Misses the Net.
15:22 of 2nd period - Shot by Nathan MacKinnon.
15:22 of 2nd period - Shot Misses the Net.
15:30 of 2nd period - Shot by Nathan MacKinnon.
15:30 of 2nd period - Stopped by Mike Smith without a rebound.
15:31 of 2nd period - Tyler Bozak wins face-off versus Sean Monahan in Devils zone.
15:52 of 2nd period - Icing by Sam Reinhart.
15:53 of 2nd period - Joe Thornton wins face-off versus Tyler Bozak in Devils zone.
16:30 of 2nd period - Shot by Clayton Keller.
16:30 of 2nd period - Shot Blocked by Tyler Bozak.
16:32 of 2nd period - Shot by Oskar Lindblom.
16:32 of 2nd period - Stopped by Mike Smith without a rebound.
16:33 of 2nd period - Nicklas Backstrom wins face-off versus Nathan MacKinnon in Devils zone.
16:38 of 2nd period - Shot by Gabriel Landeskog.
16:38 of 2nd period - Stopped by Mike Smith without a rebound.
16:39 of 2nd period - T.J. Oshie wins face-off versus Patrik Laine in Devils zone.
16:39 of 2nd period - T.J. Oshie is hit by Gabriel Landeskog.
16:50 of 2nd period - Chris Kreider is hit by Filip Hronek and loses puck.
16:58 of 2nd period - Chris Kreider is hit by Filip Hronek and loses puck.
16:59 of 2nd period - Minor Penalty to Justin Braun for Cross-checking.
17:00 of 2nd period - Cedric Paquette wins face-off versus Nicklas Backstrom in Penguins zone.
17:11 of 2nd period - Shot by Cale Makar.
17:11 of 2nd period - Shot Blocked by Shea Weber.
17:13 of 2nd period - Shot by Ryan Suter.
17:13 of 2nd period - Stopped by Connor Hellebuyck without a rebound.
17:14 of 2nd period - Evgeni Malkin wins face-off versus Cedric Paquette in Penguins zone.
17:23 of 2nd period - Shot by Evgeni Malkin.
17:23 of 2nd period - Stopped by Connor Hellebuyck without a rebound.
17:24 of 2nd period - Cedric Paquette wins face-off versus Evgeni Malkin in Penguins zone.
18:03 of 2nd period - Cale Makar is hit by Adrian Kempe and loses puck.
18:55 of 2nd period - Shot by Nicklas Backstrom.
18:55 of 2nd period - Shot Misses the Net.
18:57 of 2nd period - Shot by Mikhail Sergachev.
18:57 of 2nd period - Stopped by Connor Hellebuyck without a rebound.
18:58 of 2nd period - Evgeni Malkin wins face-off versus Adrian Kempe in Penguins zone.
18:58 of 2nd period - Evgeni Malkin is hit by Shea Weber.
19:03 of 2nd period - Minor Penalty to Zack Smith for High sticking.
19:04 of 2nd period - Brian Boyle wins face-off versus Nathan MacKinnon in Devils zone.
19:27 of 2nd period - Shot by Gabriel Landeskog.
19:27 of 2nd period - Stopped by Mike Smith with a rebound.
19:29 of 2nd period - Shot by Gabriel Landeskog.
19:29 of 2nd period - Shot Misses the Net.
19:31 of 2nd period - Shot by Filip Hronek.
19:31 of 2nd period - Stopped by Mike Smith without a rebound.
19:32 of 2nd period - Sean Monahan wins face-off versus Brian Boyle in Devils zone.
19:59 of 2nd period - Shot by Shea Weber.
19:59 of 2nd period - Shot Blocked by Justin Schultz.
Goals for this period are 1 for Penguins vs 0 for Devils.
Shots for this period are 9 for Penguins vs 8 for Devils.

3rd period


0:01 of 3rd period - Brian Boyle wins face-off versus Nathan MacKinnon in neutral zone.
0:16 of 3rd period - Shot by Mark Giordano.
0:16 of 3rd period - Shot Blocked by Ryan Suter.
0:18 of 3rd period - Shot by Mark Giordano.
0:18 of 3rd period - Stopped by Mike Smith without a rebound.
0:19 of 3rd period - Brian Boyle wins face-off versus Sean Monahan in Devils zone.
0:32 of 3rd period - Shot by Filip Hronek.
0:32 of 3rd period - Shot Misses the Net.
0:34 of 3rd period - Shot by Filip Hronek.
0:34 of 3rd period - Goal by Filip Hronek - Penguins : 3 - Devils : 1.
0:35 of 3rd period - Gabriel Landeskog wins face-off versus Evgeni Malkin in neutral zone.
0:42 of 3rd period - Gabriel Landeskog is hit by Cale Makar and loses puck.
0:45 of 3rd period - Shot by Nathan MacKinnon.
0:45 of 3rd period - Stopped by Mike Smith without a rebound.
0:46 of 3rd period - Sean Monahan wins face-off versus Tyler Bozak in Devils zone.
1:01 of 3rd period - Shot by Sam Reinhart.
1:01 of 3rd period - Stopped by Connor Hellebuyck without a rebound.
1:02 of 3rd period - Nicklas Backstrom wins face-off versus Nathan MacKinnon in Penguins zone.
1:03 of 3rd period - Shot by Chris Kreider.
1:03 of 3rd period - Shot Misses the Net.
1:15 of 3rd period - Shot by Mark Giordano.
1:15 of 3rd period - Shot Misses the Net.
1:17 of 3rd period - Shot by Gabriel Landeskog.
1:17 of 3rd period - Deflect By Nathan MacKinnon.
1:17 of 3rd period - Shot Blocked by Ryan Suter.
1:19 of 3rd period - Shot by Shea Weber.
1:19 of 3rd period - Shot Blocked by T.J. Oshie.
1:21 of 3rd period - Shot by Nathan MacKinnon.
1:21 of 3rd period - Shot Blocked by Ryan Suter.
1:23 of 3rd period - Shot by Gabriel Landeskog.
1:23 of 3rd period - Deflect By Patrik Laine.
1:23 of 3rd period - Stopped by Mike Smith without a rebound.
1:24 of 3rd period - Evgeni Malkin wins face-off versus Sean Monahan in Devils zone.
1:30 of 3rd period - Mikhail Sergachev is hit by Alex DeBrincat and loses puck.
1:43 of 3rd period - Evgeni Malkin is hit by Filip Hronek and loses puck.
2:51 of 3rd period - Shot by T.J. Oshie.
2:51 of 3rd period - Stopped by Connor Hellebuyck without a rebound.
2:52 of 3rd period - Tyler Bozak wins face-off versus Nathan MacKinnon in Penguins zone.
2:53 of 3rd period - Shot by Sam Reinhart.
2:53 of 3rd period - Shot Misses the Net.
3:12 of 3rd period - Gabriel Landeskog is hit by Jordie Benn and loses puck.
3:57 of 3rd period - Icing by Mikhail Sergachev.
3:58 of 3rd period - Evgeni Malkin wins face-off versus Cedric Paquette in Devils zone.
4:15 of 3rd period - Shot by Travis Konecny.
4:15 of 3rd period - Stopped by Connor Hellebuyck without a rebound.
4:16 of 3rd period - Nicklas Backstrom wins face-off versus Joe Thornton in Penguins zone.
4:28 of 3rd period - Icing by Shea Weber.
4:29 of 3rd period - Evgeni Malkin wins face-off versus Joe Thornton in Penguins zone.
4:34 of 3rd period - Shot by Mike Hoffman.
4:34 of 3rd period - Shot Blocked by Shea Weber.
4:40 of 3rd period - Shot by Shea Weber.
4:40 of 3rd period - Stopped by Mike Smith with a rebound.
4:42 of 3rd period - Shot by Oskar Lindblom.
4:42 of 3rd period - Deflect By Clayton Keller.
4:42 of 3rd period - Goal by Clayton Keller - Penguins : 4 - Devils : 1.
4:43 of 3rd period - Nathan MacKinnon wins face-off versus Nicklas Backstrom in neutral zone.
5:00 of 3rd period - Shot by Nicklas Backstrom.
5:00 of 3rd period - Deflect By T.J. Oshie.
5:00 of 3rd period - Stopped by Connor Hellebuyck with a rebound.
5:13 of 3rd period - Icing by Cale Makar.
5:14 of 3rd period - Sean Monahan wins face-off versus Nicklas Backstrom in Devils zone.
7:04 of 3rd period - Shot by Gabriel Landeskog.
7:04 of 3rd period - Shot Misses the Net.
7:06 of 3rd period - Shot by Gabriel Landeskog.
7:06 of 3rd period - Shot Misses the Net.
7:16 of 3rd period - Shot by Gabriel Landeskog.
7:16 of 3rd period - Shot Blocked by Mikhail Sergachev.
7:56 of 3rd period - Shot by Mike Hoffman.
7:56 of 3rd period - Deflect By Evgeni Malkin.
7:56 of 3rd period - Stopped by Connor Hellebuyck with a rebound.
8:08 of 3rd period - Shot by Josh Anderson.
8:08 of 3rd period - Stopped by Mike Smith without a rebound.
8:09 of 3rd period - Nicklas Backstrom wins face-off versus Sean Monahan in Devils zone.
8:19 of 3rd period - Off-side.
8:20 of 3rd period - Brian Boyle wins face-off versus Joe Thornton in neutral zone.
8:39 of 3rd period - Brent Seabrook is hit by Brian Boyle and loses puck.
9:33 of 3rd period - Shot by Cale Makar.
9:33 of 3rd period - Shot Misses the Net.
10:09 of 3rd period - Shot by Filip Forsberg.
10:09 of 3rd period - Shot Misses the Net.
10:11 of 3rd period - Shot by Sean Monahan.
10:11 of 3rd period - Shot Misses the Net.
12:34 of 3rd period - Off-side.
12:35 of 3rd period - Evgeni Malkin wins face-off versus Nathan MacKinnon in neutral zone.
12:56 of 3rd period - Shot by Patrik Laine.
12:56 of 3rd period - Stopped by Mike Smith without a rebound.
12:57 of 3rd period - Brian Boyle wins face-off versus Sean Monahan in Devils zone.
13:20 of 3rd period - Mathieu Joseph is hit by Filip Forsberg and loses puck.
14:05 of 3rd period - Shot by Patrik Laine.
14:05 of 3rd period - Stopped by Mike Smith without a rebound.
14:06 of 3rd period - Joe Thornton wins face-off versus Nicklas Backstrom in Devils zone.
14:06 of 3rd period - Joe Thornton is hit by Jordie Benn.
14:18 of 3rd period - Shot by Clayton Keller.
14:18 of 3rd period - Stopped by Mike Smith without a rebound.
14:19 of 3rd period - Nathan MacKinnon wins face-off versus T.J. Oshie in Devils zone.
15:39 of 3rd period - Shot by Alex DeBrincat.
15:39 of 3rd period - Stopped by Mike Smith without a rebound.
15:40 of 3rd period - Joe Thornton wins face-off versus Sam Reinhart in Devils zone.
15:47 of 3rd period - Shot by Oskar Lindblom.
15:47 of 3rd period - Stopped by Mike Smith without a rebound.
15:48 of 3rd period - Joe Thornton wins face-off versus Tyler Bozak in Devils zone.
15:55 of 3rd period - Shot by Oskar Lindblom.
15:55 of 3rd period - Shot Blocked by Niklas Hjalmarsson.
16:15 of 3rd period - Shot by Sam Reinhart.
16:15 of 3rd period - Stopped by Connor Hellebuyck with a rebound.
16:44 of 3rd period - Icing by Evgeni Malkin.
16:45 of 3rd period - Nathan MacKinnon wins face-off versus Evgeni Malkin in Devils zone.
16:50 of 3rd period - Shot by Nathan MacKinnon.
16:50 of 3rd period - Stopped by Mike Smith without a rebound.
16:51 of 3rd period - Nathan MacKinnon wins face-off versus Chris Kreider in Devils zone.
17:03 of 3rd period - Icing by Ryan Suter.
17:04 of 3rd period - Nicklas Backstrom wins face-off versus Sean Monahan in Devils zone.
17:25 of 3rd period - Shot by Sean Monahan.
17:25 of 3rd period - Stopped by Mike Smith without a rebound.
17:26 of 3rd period - Nathan MacKinnon wins face-off versus Evgeni Malkin in Devils zone.
17:35 of 3rd period - Shot by Gabriel Landeskog.
17:35 of 3rd period - Stopped by Mike Smith with a rebound.
17:43 of 3rd period - Shot by Gabriel Landeskog.
17:43 of 3rd period - Stopped by Mike Smith without a rebound.
17:44 of 3rd period - Sean Monahan wins face-off versus Tyler Bozak in Devils zone.
18:11 of 3rd period - Sean Monahan is hit by Sam Reinhart and loses puck.
18:19 of 3rd period - Filip Hronek is hit by Ryan Suter and loses puck.
19:06 of 3rd period - Shot by Gabriel Landeskog.
19:06 of 3rd period - Shot Blocked by Justin Schultz.
19:18 of 3rd period - Shot by Gabriel Landeskog.
19:18 of 3rd period - Stopped by Mike Smith without a rebound.
19:19 of 3rd period - Joe Thornton wins face-off versus Nicklas Backstrom in Devils zone.
19:41 of 3rd period - Shot by Nicklas Backstrom.
19:41 of 3rd period - Stopped by Connor Hellebuyck without a rebound.
19:42 of 3rd period - Adrian Kempe wins face-off versus Zack Smith in Penguins zone.
Goals for this period are 2 for Penguins vs 0 for Devils.
Shots for this period are 17 for Penguins vs 7 for Devils.